 Dungeon Sprint DCSS version 0.28-a0-1412-gf95308ed99 (webtiles) character file.

Game seed: 15582984511960270286

3200000 brmiller01 the Conqueror (level 20, -2/157 HPs)
             Began as a Gargoyle Berserker on Jan 6, 2022.
             Was the Champion of Trog.
             Killed by an exploding large bag of meat (21 damage)
             ... ignited by their inner flame
             ... in the Dungeon (Sprint VIII: "Arena of Blood").
             The game lasted 00:02:27 (32 turns).

brmiller01 the Conqueror (Gargoyle Berserker)         Turns: 32, Time: 00:02:28

Health: -2/157     AC: 19    Str: 29    XL:     20   Next: 66%
Magic:  18/31      EV: 21    Int:  9    God:    Trog [******]
Gold:   0          SH:  0    Dex:  9    Spells: 19/19 levels left

rFire   . . .      SeeInvis .   i - +∞ Axe of Woe
rCold   . . .      Faith    .   (shield currently unavailable)
rNeg    + . .      Spirit   .   b - +0 animal skin
rPois   ∞          Reflect  .   (no helmet)
rElec   +          Harm     .   (no cloak)
rCorr   .          Rampage  .   (no gloves)
Will    +++..      NoTele   +   (no boots)
Stlth   ++++++....              (no amulet)
HPRegen 1.36/turn               (no ring)
MPRegen 0.22/turn               (no ring)

@: strong-willed, flying, regenerating
A: sickness immunity, AC +15, big wings, negative energy resistance 1,
electricity resistance, torment resistance 1, petrification resistance
a: Renounce Religion, Berserk, Trog's Hand, Brothers in Arms


You were in the Dungeon.
You worshipped Trog.
Trog was exalted by your worship.
You visited 1 branch

Inventory:

Hand Weapons
 a - a +0 hand axe
 i - the +∞ Axe of Woe (weapon)
   (You found it in the Dungeon)
Armour
 b - a +0 animal skin (worn)
Scrolls
 h - a scroll of blinking
Potions
 c - a potion of curing
 d - a potion of heal wounds
 e - a potion of haste
 f - 2 potions of magic
 g - a potion of berserk rage


   Skills:
 O Level 27 Fighting
 + Level 13.6(15.9) Short Blades
 + Level 13.6(15.9) Long Blades
 O Level 27 Axes
 + Level 13.8(24.4) Maces & Flails
 + Level 12.7(22.6) Polearms
 + Level 13.8(18.2) Staves
 + Level 12.7(14.9) Slings
 + Level 13.8 Bows
 + Level 13.8 Crossbows
 + Level 12.7(14.9) Throwing
 O Level 27 Armour
 O Level 27 Dodging
 + Level 16.2 Stealth
 + Level 15.0 Shields
 + Level 13.8 Unarmed Combat
 + Level 15.0 Invocations
 + Level 12.7 Evocations


You had 19 spell levels left.
You didn't know any spells.
Your spell library was empty.

Dungeon Overview and Level Annotations

Branches:
Dungeon (1/1)

Altars:
Makhleb


Innate Abilities, Weirdness & Mutations

You are immune to sickness and miasma.
Your stone body is resilient. (AC +15)
You are immune to poison.
Your large and strong wings let you fly.
You resist negative energy. (rN+)
You are resistant to electric shocks. (rElec)
You are resistant to unholy torment.
You are immune to petrification.


Message History

You hear a shout!
The destroyer is engulfed in blazing flames.
The destroyer gestures at you while chanting.
The destroyer blinks!
A bag of meat comes into view. It is wielding a +9 war axe.
You hear a shout!
The bag of meat is engulfed in blazing flames.
The large bag of meat is engulfed in blazing flames.
Your base Short Blades skill increases to level 13!
Your base Long Blades skill increases to level 13!
Your base Maces & Flails skill increases to level 13!
Your base Polearms skill increases to level 12!
Your base Staves skill increases to level 13!
Your base Slings skill increases to level 12!
Your Bows skill increases to level 13!
Your Crossbows skill increases to level 13!
Your base Throwing skill increases to level 12!
Your Stealth skill gained 2 levels and is now at level 16!
Your Shields skill gained 2 levels and is now at level 15!
Your Unarmed Combat skill increases to level 13!
Your Invocations skill gained 2 levels and is now at level 15!
Your Evocations skill increases to level 12!
You open the destroyer like a pillowcase!!!
You slaughter the destroyer joyfully.
You destroy the destroyer!
Trog accepts your kill. Trog grants you a weapon!
Something appears at your feet!
You see here a +3 antimagic broad axe.
Trog appreciates your killing of a magic user.
You slice the large bag of meat!!
Flame seeps out of the large bag of meat.
You chop the large bag of meat into pieces.
Trog accepts your kill.
You hit the bag of meat.
You cleave the bag of meat in twain.
You kill the bag of meat!
Trog accepts your kill.
The large bag of meat explodes!
The fiery explosion engulfs the large bag of meat!!
The fiery explosion engulfs you!!
You die...

......#.#......
..............#
.V.............
...............
...D.........
.....§§oooo
#...§O)o#
#....§§§# ...
.###...§.@)###....
.....O###))z......
......_..)O..D...
..#.....#.....o.
#_.<._#.......
#.....#......#
......_......VO.o
......###.....o.o.
.###.. ...###....


You could see 2 eight-headed meat hydras, 2 destroyers, a sculptor of flesh, a
large bag of meat (inner flame), 3 meat berserkers and 7 bags of meat.

Vanquished Creatures
  A vampire knight (D)
  10 ogres (D)
  3 two-headed ogres (D)
  25 orcs (D)
39 creatures vanquished.

Notes
Turn   | Place    | Note
-------+----------+-------------------------------------------
     0 | D        | Found the +∞ Axe of Woe
     0 | D        | brmiller01 the Gargoyle Berserker began the quest for the
                  | Orb.
     0 | D        | Reached XP level 1. HP: 14/14 MP: 1/1
     2 | D        | Noticed a bag of meat
     2 | D        | Noticed a bag of meat
     4 | D        | Noticed a bag of meat
     5 | D        | Noticed a bag of meat
     5 | D        | Noticed a meat berserker
     6 | D        | Killed a bag of meat
     6 | D        | Noticed a meat berserker
     6 | D        | Noticed a bag of meat
     7 | D        | Reached skill level 15 in Axes
     7 | D        | Reached XP level 2. HP: 38/38 MP: 2/2
     7 | D        | Reached XP level 3. HP: 43/43 MP: 3/3
     7 | D        | Reached XP level 4. HP: 49/49 MP: 4/4
     7 | D        | Reached XP level 5. HP: 54/54 MP: 5/5
     7 | D        | Reached XP level 6. HP: 60/60 MP: 6/6
     7 | D        | Reached XP level 7. HP: 64/64 MP: 7/7
     7 | D        | Reached XP level 8. HP: 71/71 MP: 8/8
     7 | D        | Reached XP level 9. HP: 76/76 MP: 9/9
     7 | D        | Reached XP level 10. HP: 81/81 MP: 10/10
     7 | D        | Reached XP level 11. HP: 86/86 MP: 11/11
     7 | D        | Noticed a bag of meat
     8 | D        | Killed a bag of meat
     8 | D        | Reached ** piety under Trog
     8 | D        | Noticed a meat berserker
     9 | D        | Reached skill level 10 in Armour
     9 | D        | Reached XP level 12. HP: 96/96 MP: 12/12
     9 | D        | Killed a meat berserker
     9 | D        | Noticed a meat berserker
     9 | D        | Noticed a bag of meat
    10 | D        | Reached XP level 13. HP: 107/107 MP: 13/13
    10 | D        | Killed a meat berserker
    11 | D        | Reached skill level 10 in Dodging
    11 | D        | Gained mutation: Your large and strong wings let you fly.
                  | [Gargoyle growth]
    11 | D        | Reached XP level 14. HP: 116/116 MP: 14/14
    11 | D        | Noticed a bag of meat
    11 | D        | Noticed a bag of meat
    11 | D        | Noticed a meat berserker
    11 | D        | Noticed a bag of meat
    12 | D        | Killed a bag of meat
    12 | D        | Noticed a bag of meat
    12 | D        | Noticed a bag of meat
    13 | D        | Killed a meat berserker
    13 | D        | Reached *** piety under Trog
    13 | D        | Killed a bag of meat
    13 | D        | Noticed a bag of meat
    14 | D        | Reached skill level 27 in Fighting
    14 | D        | Reached XP level 15. HP: 127/127 MP: 15/15
    15 | D        | Killed a meat berserker
    15 | D        | Reached **** piety under Trog
    16 | D        | Reached skill level 27 in Axes
    16 | D        | Reached skill level 15 in Dodging
    17 | D        | Reached XP level 16. HP: 133/133 MP: 16/16
    17 | D        | Killed a meat berserker
    18 | D        | Reached ***** piety under Trog
    19 | D        | Reached skill level 27 in Armour
    19 | D        | Reached XP level 17. HP: 139/139 MP: 17/17
    19 | D        | Noticed a large bag of meat
    19 | D        | Noticed a large bag of meat
    19 | D        | Noticed a meat berserker
    20 | D        | Noticed a meat berserker
    21 | D        | Received a gift from Trog
    21 | D        | Noticed a meat berserker
    22 | D        | Noticed a large bag of meat
    22 | D        | Noticed a large bag of meat
    24 | D        | Reached skill level 27 in Dodging
    25 | D        | Reached skill level 5 in Short Blades
    25 | D        | Reached skill level 5 in Long Blades
    25 | D        | Reached skill level 5 in Maces & Flails
    25 | D        | Reached skill level 5 in Staves
    25 | D        | Reached skill level 5 in Bows
    25 | D        | Reached skill level 5 in Crossbows
    25 | D        | Reached skill level 5 in Shields
    25 | D        | Reached skill level 5 in Unarmed Combat
    25 | D        | Reached skill level 5 in Invocations
    25 | D        | Reached XP level 18. HP: 124/145 MP: 17/22
    25 | D        | Killed a meat berserker
    25 | D        | Identified the +2 executioner's axe of Ascent {vorpal,
                  | Str+2 Dex+2} (Trog gifted it to you in the Dungeon)
    25 | D        | Received a gift from Trog
    25 | D        | Noticed a meat berserker
    26 | D        | Killed a large bag of meat
    26 | D        | Reached ****** piety under Trog
    26 | D        | Noticed a meat berserker
    26 | D        | Noticed a meat berserker
    27 | D        | Reached skill level 10 in Shields
    27 | D        | Reached skill level 10 in Invocations
    27 | D        | Reached XP level 19. HP: 127/151 MP: 17/26
    28 | D        | Killed a meat berserker
    28 | D        | Received a gift from Trog
    28 | D        | Killed a meat berserker
    28 | D        | Killed a large bag of meat
    28 | D        | Noticed an eight-headed meat hydra
    28 | D        | Noticed an eight-headed meat hydra
    29 | D        | Reached skill level 10 in Polearms
    29 | D        | Reached skill level 10 in Slings
    29 | D        | Reached skill level 10 in Throwing
    29 | D        | Reached skill level 10 in Evocations
    29 | D        | Noticed a destroyer
    30 | D        | Noticed a sculptor of flesh
    30 | D        | Noticed a meat berserker
    30 | D        | Noticed a destroyer
    30 | D        | Noticed a destroyer
    31 | D        | Reached XP level 20. HP: 28/157 MP: 17/30
    31 | D        | Killed a meat berserker
    31 | D        | Killed a meat berserker
    31 | D        | Noticed a meat berserker
    32 | D        | Reached skill level 15 in Shields
    32 | D        | Reached skill level 15 in Invocations
    32 | D        | Killed a destroyer
    32 | D        | Received a gift from Trog
    32 | D        | Killed a large bag of meat
    32 | D        | Killed by an exploding large bag of meat... ignited by
                  | their inner flame

Illustrated notes

Levels and vault maps discovered:
D:        meatsprint

Skill      XL: |  1  2  3  4  5  6  7  8  9 10 11 12 13 14 15 16 17 18 19 20 |
---------------+-------------------------------------------------------------+-----
Fighting       | 17 20 22 24 27 | 27.0
Axes           | 15 18 20 22 26 27 | 27.0
Armour         | 9 10 12 13 16 22 27 | 27.0
Dodging        | 7 8 9 10 12 17 21 27 | 27.0
Short Blades   | 5 9 12 13 | 13.6
Long Blades    | 5 9 12 13 | 13.6
Maces & Flails | 5 9 12 13 | 13.8
Polearms       | 4 8 11 12 | 12.7
Staves         | 5 9 12 13 | 13.8
Slings         | 4 8 11 12 | 12.7
Bows           | 5 9 12 13 | 13.8
Crossbows      | 5 9 12 13 | 13.8
Throwing       | 4 8 11 12 | 12.7
Stealth        | 6 11 14 16 | 16.2
Shields        | 5 10 13 15 | 15.0
Unarmed Combat | 5 9 12 13 | 13.8
Invocations    | 5 10 13 15 | 15.0
Evocations     | 4 8 11 12 | 12.7

Action                   |  1- 3 |  4- 6 |  7- 9 | 10-12 | 13-15 | 16-18 | 19-21 || total
-------------------------+-------+-------+-------+-------+-------+-------+-------++-------
Melee: Executioner's axe |     1 |       |       |     2 |     5 |     9 |     4 ||    21
Invok: Trog's Hand       |       |       |       |       |       |       |     1 ||     1
Dodge: Dodged            |       |       |       |       |       |     1 |       ||     1

Table legend: (Time is in decaauts)
 A = Elapsed time spent in this place.
 B = Non-inter-level travel time spent in this place.
 C = Inter-level travel time spent in this place.
 D = Time resting spent in this place.
 E = Time spent auto-exploring this place.
 F = Levels seen in this place.
 G = Mean time per level.
                   A        B        C        D        E       F      G
               +--------+--------+--------+--------+--------+-----+--------+
         Total |     27 |     27 |      0 |      0 |      0 |   1 |   27.0 |
       Dungeon |     27 |     27 |      0 |      0 |      0 |   1 |   27.0 |
               +--------+--------+--------+--------+--------+-----+--------+

Top non-repeatable levels by time:
       D: 27 daAuts
